Tappara Tampere vs Atlantic City Gamblers
Created - Thursday, November 2, 2023 at 07:34
Goals
|
| Tappara Tampere |
1 |
1 |
3 |
5 |
| Atlantic City Gamblers |
2 |
0 |
0 |
2 |
|
Shots
|
| Tappara Tampere |
8 |
6 |
17 |
31 |
| Atlantic City Gamblers |
15 |
5 |
10 |
30 |
|
1st period
1. Atlantic City Gamblers , Yegor Chinakhov 18 (Hendrix Lapierre 7) at 11:20
2. Atlantic City Gamblers , Nils Hoglander 11 (Yegor Chinakhov 26) at 16:16
3. Tappara Tampere , Andrew Poturalski 11 (Isak Rosen 3) at 18:13
Penalties :
Kiefer Sherwood (TAP) for Holding Stick (Minor) at 4:12
2nd period
4. Tappara Tampere , Andrew Poturalski 12 (Phillip Di Giuseppe 16) at 12:21
Penalties :
Ronnie Attard (ACG) for Slashing (Minor) at 7:29, Stefan Noesen (TAP) for High sticking (Minor) at 19:17
3rd period
5. Tappara Tampere , William Eklund 7 (Jiri Kulich 6) at 7:59
6. Tappara Tampere , Kiefer Sherwood 16 (Kent Johnson 25, Mattias Janmark 16) at 8:13
7. Tappara Tampere , Jiri Kulich 6 (Fredrik Karlstrom 4, William Eklund 10) at 11:34
Penalties :
Kiefer Sherwood (TAP) for Hooking (Minor) at 8:55, Hendrix Lapierre (ACG) for Holding (Minor) at 16:43, Andy Andreoff (TAP) for Holding (Minor) at 19:23
Goalie Stats
Alex Stalock (TAP), 28 saves from 30 shots - (0.933), W, 14-7-3, 60:00 minutes
Brian Elliott (ACG), 26 saves from 31 shots - (0.839), L, 17-21-2, 60:00 minutes
Players Stats for Tappara Tampere
Player Name G A P +/- PIM S H SB GA TA FO MP PP MP PK MP
------------------------------------------------------------------------------------
Alex Goligoski 0 0 0 3 0 1 1 1 2 3 0/0 24:50 1:03 2:55
Andrew Poturalski 2 0 2 2 0 3 0 0 0 1 7/13 13:14 0:00 1:04
Andy Andreoff 0 0 0 -2 2 3 0 1 0 1 9/13 17:40 1:00 2:55
Cam York 0 0 0 0 0 0 1 0 0 1 0/0 13:52 0:00 0:00
Chad Ruhwedel 0 0 0 0 0 0 1 0 0 1 0/0 21:18 2:55 3:38
Fredrik Karlstrom 0 1 1 2 0 1 0 0 0 0 0/0 8:58 0:00 0:00
Isak Rosen 0 1 1 2 0 0 0 0 0 0 0/0 11:34 0:00 0:00
Jan Rutta 0 0 0 3 0 1 4 3 0 1 0/0 24:50 1:03 2:55
Jaycob Megna 0 0 0 0 0 2 1 4 0 0 0/0 21:18 2:55 3:38
Jiri Kulich 1 1 2 2 0 2 0 0 0 0 0/0 8:58 0:00 0:00
Kent Johnson 0 1 1 1 0 6 1 0 0 0 9/22 17:33 2:58 0:00
Kiefer Sherwood 1 0 1 1 4 5 1 0 1 0 0/0 17:57 2:58 0:00
Logan O'Connor 0 0 0 -2 0 2 2 1 0 1 1/3 19:00 1:00 3:38
Mattias Janmark 0 1 1 1 0 0 0 0 2 0 4/8 20:28 2:58 2:55
Phillip Di Giuseppe 0 1 1 2 0 2 2 0 0 0 1/1 11:34 0:00 0:00
Stefan Noesen 0 0 0 -2 2 2 3 0 1 0 3/6 17:29 1:00 2:34
Urho Vaakanainen 0 0 0 0 0 0 0 0 1 2 0/0 13:52 0:00 0:00
William Eklund 1 1 2 2 0 1 0 0 0 0 0/0 8:58 0:00 0:00
Players Stats for Atlantic City Gamblers
Player Name G A P +/- PIM S H SB GA TA FO MP PP MP PK MP
------------------------------------------------------------------------------------
Aleksi Heponiemi 0 0 0 0 0 4 1 1 0 0 8/16 18:34 3:11 0:00
Alex Beaucage 0 0 0 -2 0 0 0 1 1 0 0/1 7:33 0:00 0:00
Alexander Holtz 0 0 0 -1 0 4 0 0 1 0 0/0 13:35 0:00 0:13
Boris Katchouk 0 0 0 0 0 2 2 0 1 0 1/1 19:46 3:11 1:07
Cal Foote 0 0 0 0 0 1 3 1 0 0 0/0 19:48 3:21 1:52
Daniil Chayka 0 0 0 0 0 0 0 0 0 0 0/0 5:50 0:00 0:00
Egor Sokolov 0 0 0 0 0 0 2 0 1 0 0/0 14:26 0:00 1:54
Filip Roos 0 0 0 -3 0 0 0 3 0 0 0/0 21:18 3:12 2:06
Hendrix Lapierre 0 1 1 -2 2 2 0 0 0 0 3/6 9:11 0:00 0:52
Jakub Lauko 0 0 0 0 0 3 2 1 1 0 0/1 18:34 3:11 0:00
Jean-Luc Foudy 0 0 0 -1 0 4 2 0 1 0 12/25 17:05 3:22 0:00
Linus Karlsson 0 0 0 0 0 1 2 1 0 0 5/10 13:44 0:00 0:05
Nicolas Hague 0 0 0 0 0 0 4 2 2 2 0/0 25:20 3:21 1:52
Nils Hoglander 1 0 1 -1 0 2 3 1 1 1 2/3 18:56 3:22 1:51
Ronnie Attard 0 0 0 0 2 1 1 0 0 1 0/0 13:17 0:00 0:00
Simon Edvinsson 0 0 0 0 0 0 2 2 0 0 0/0 13:13 0:00 0:00
Thomas Harley 0 0 0 -3 0 0 1 0 1 2 0/0 21:18 3:12 2:06
Yegor Chinakhov 1 1 2 -2 0 6 1 0 1 1 1/3 24:32 3:22 1:54
3 Stars
1 - Andrew Poturalski (TAP)
2 - Jiri Kulich (TAP)
3 - William Eklund (TAP)
Power Play
Tappara Tampere - 0 on 2 Attempt(s) - 0.00%
Atlantic City Gamblers - 0 on 4 Attempt(s) - 0.00%
Penalty Kill
Tappara Tampere - 4 on 4 Attempt(s) - 100.00%
- Score 0 goal in Penalty Kill
Atlantic City Gamblers - 2 on 2 Attempt(s) - 100.00%
- Score 0 goal in Penalty Kill
Team Stat
Tappara Tampere - Hits : 17 - Faceoff Wins : 34 - Blocked Shots : 10 - Penalty Minutes : 8
Atlantic City Gamblers - Hits : 26 - Faceoff Wins : 32 - Blocked Shots : 13 - Penalty Minutes : 4
Official
Referees : Graham Skiliter and Tom Chmielewski
Linesman : Darren Gibbs and Derek Amell
Game Notes
No Game Note
Tappara Tampere
5 vs 5 Forward
Center Left Wing Right Wing Time % Phy DF OF
1 Andy Andreoff Stefan Noesen Logan O'Connor 31 1 2 2
2 Kent Johnson Mattias Janmark Kiefer Sherwood 31 1 2 2
3 Andrew Poturalski Phillip Di Giuseppe Isak Rosen 26 1 2 2
4 William Eklund Jiri Kulich Fredrik Karlstrom 12 1 2 2
5 vs 5 Defense
Defense Defense Time % Phy DF OF
1 Jan Rutta Alex Goligoski 30 1 2 2
2 Jaycob Megna Chad Ruhwedel 30 1 2 2
3 Cam York Urho Vaakanainen 25 1 2 2
4 Jan Rutta Alex Goligoski 15 1 2 2
PowerPlay Forward
Center Left Wing Right Wing Time % Phy DF OF
1 Andy Andreoff Stefan Noesen Logan O'Connor 50 1 2 2
2 Kent Johnson Mattias Janmark Kiefer Sherwood 50 1 2 2
PowerPlay Defense
Defense Defense Time % Phy DF OF
1 Jan Rutta Alex Goligoski 50 1 2 2
2 Jaycob Megna Chad Ruhwedel 50 1 2 2
Penalty Kill 4 Players Forward
Center Wing Time % Phy DF OF
1 Stefan Noesen Logan O'Connor 50 1 2 2
2 Mattias Janmark Andy Andreoff 50 1 2 2
Penalty Kill 4 Players Defense
Defense Defense Time % Phy DF OF
1 Jan Rutta Alex Goligoski 50 1 2 2
2 Jaycob Megna Chad Ruhwedel 50 1 2 2
Penalty Kill - 3 Players Forward
Forward Time % Phy DF OF
1 Stefan Noesen 50 1 2 2
2 Logan O'Connor 50 1 2 2
Penalty Kill - 3 Players Defense
Defense Defense Time % Phy DF OF
1 Jan Rutta Alex Goligoski 50 1 2 2
2 Jaycob Megna Chad Ruhwedel 50 1 2 2
4 vs 4 Forward
Center Wing Time % Phy DF OF
1 Stefan Noesen Logan O'Connor 50 1 2 2
2 Mattias Janmark Andy Andreoff 50 1 2 2
4 vs 4 Defense
Defense Defense Time % Phy DF OF
1 Jan Rutta Alex Goligoski 50 1 2 2
2 Jaycob Megna Chad Ruhwedel 50 1 2 2
Last Minutes Offensive
Center Left Wing Right Wing Defense Defense
Andy Andreoff Stefan Noesen Logan O'Connor Jan Rutta Alex Goligoski
Last Minutes Defensive
Center Left Wing Right Wing Defense Defense
Andy Andreoff Stefan Noesen Logan O'Connor Jan Rutta Alex Goligoski
Goaltenders
Starting : Alex Stalock
Backup : Petr Mrazek
Extra Forwards
Normal : Fredrik Karlstrom, Phillip Di Giuseppe, Andrew Poturalski - PP : Fredrik Karlstrom, Phillip Di Giuseppe - PK : Andrew Poturalski
Extra Defensemen
Normal : Cam York, Urho Vaakanainen, Jaycob Megna - PP : Cam York - PK : Urho Vaakanainen, Jaycob Megna
Penalty Shots
Stefan Noesen, Logan O'Connor, Mattias Janmark, Andy Andreoff, Kiefer Sherwood
Atlantic City Gamblers
5 vs 5 Forward
Center Left Wing Right Wing Time % Phy DF OF
1 Jean-Luc Foudy Yegor Chinakhov Nils Hoglander 30 1 2 2
2 Aleksi Heponiemi Boris Katchouk Jakub Lauko 30 1 2 2
3 Linus Karlsson Egor Sokolov Alexander Holtz 25 1 2 2
4 Hendrix Lapierre Yegor Chinakhov Alex Beaucage 15 1 2 2
5 vs 5 Defense
Defense Defense Time % Phy DF OF
1 Nicolas Hague Cal Foote 30 1 2 2
2 Thomas Harley Filip Roos 30 1 2 2
3 Ronnie Attard Simon Edvinsson 25 1 2 2
4 Daniil Chayka Nicolas Hague 15 1 2 2
PowerPlay Forward
Center Left Wing Right Wing Time % Phy DF OF
1 Jean-Luc Foudy Yegor Chinakhov Nils Hoglander 50 1 2 2
2 Aleksi Heponiemi Boris Katchouk Jakub Lauko 50 1 2 2
PowerPlay Defense
Defense Defense Time % Phy DF OF
1 Nicolas Hague Cal Foote 50 1 2 2
2 Thomas Harley Filip Roos 50 1 2 2
Penalty Kill 4 Players Forward
Center Wing Time % Phy DF OF
1 Yegor Chinakhov Nils Hoglander 50 1 2 2
2 Boris Katchouk Egor Sokolov 50 1 2 2
Penalty Kill 4 Players Defense
Defense Defense Time % Phy DF OF
1 Nicolas Hague Cal Foote 50 1 2 2
2 Thomas Harley Filip Roos 50 1 2 2
Penalty Kill - 3 Players Forward
Forward Time % Phy DF OF
1 Yegor Chinakhov 50 1 2 2
2 Nils Hoglander 50 1 2 2
Penalty Kill - 3 Players Defense
Defense Defense Time % Phy DF OF
1 Nicolas Hague Cal Foote 50 1 2 2
2 Thomas Harley Filip Roos 50 1 2 2
4 vs 4 Forward
Center Wing Time % Phy DF OF
1 Yegor Chinakhov Nils Hoglander 50 1 2 2
2 Boris Katchouk Egor Sokolov 50 1 2 2
4 vs 4 Defense
Defense Defense Time % Phy DF OF
1 Nicolas Hague Cal Foote 50 1 2 2
2 Thomas Harley Filip Roos 50 1 2 2
Last Minutes Offensive
Center Left Wing Right Wing Defense Defense
Jean-Luc Foudy Yegor Chinakhov Nils Hoglander Nicolas Hague Cal Foote
Last Minutes Defensive
Center Left Wing Right Wing Defense Defense
Jean-Luc Foudy Yegor Chinakhov Nils Hoglander Nicolas Hague Cal Foote
Goaltenders
Starting : Brian Elliott
Backup : Isaiah Saville
Extra Forwards
Normal : Linus Karlsson, Alexander Holtz, Hendrix Lapierre - PP : Linus Karlsson, Alexander Holtz - PK : Hendrix Lapierre
Extra Defensemen
Normal : Ronnie Attard, Simon Edvinsson, Daniil Chayka - PP : Ronnie Attard - PK : Simon Edvinsson, Daniil Chayka
Penalty Shots
Yegor Chinakhov, Nils Hoglander, Boris Katchouk, Egor Sokolov, Jean-Luc Foudy
% Time on Ice - Tappara Tampere
Lines # - Real PCT - Wanted PCT - Time Play
Normal Forward
1 - 29% - 31% - 14:22
2 - 29% - 31% - 14:35
3 - 23% - 26% - 11:34
4 - 18% - 12% - 8:58
Normal Defense
1 - 28% - 30% - 14:00
2 - 30% - 30% - 14:45
3 - 28% - 25% - 13:52
4 - 14% - 15% - 6:52
PP Forward
1 - 25% - 50% - 1:00
2 - 75% - 50% - 2:58
PP Defense
1 - 26% - 50% - 1:03
2 - 74% - 50% - 2:55
PK Forward
1 - 55% - 50% - 3:38
2 - 45% - 50% - 2:55
PK Defense
1 - 45% - 50% - 2:55
2 - 55% - 50% - 3:38
PK3 Forward
1 - 0% - 50%
2 - 0% - 50%
PK3 Defense
1 - 0% - 50%
2 - 0% - 50%
44 Forward
1 - 0% - 50%
2 - 0% - 50%
44 Defense
1 - 0% - 50%
2 - 0% - 50%
Last Minute Offensive - 0:00
Last Minute Defensive - 0:00
Total
Forward - 60:00
Defense - 60:00
|
% Time on Ice - Atlantic City Gamblers
Lines # - Real PCT - Wanted PCT - Time Play
Normal Forward
1 - 28% - 30% - 13:56
2 - 31% - 30% - 15:28
3 - 25% - 25% - 12:32
4 - 15% - 15% - 7:33
Normal Defense
1 - 29% - 30% - 14:35
2 - 32% - 30% - 16:00
3 - 27% - 25% - 13:13
4 - 11% - 15% - 5:41
PP Forward
1 - 51% - 50% - 3:22
2 - 49% - 50% - 3:11
PP Defense
1 - 51% - 50% - 3:21
2 - 49% - 50% - 3:12
PK Forward
1 - 50% - 50% - 1:59
2 - 50% - 50% - 1:59
PK Defense
1 - 47% - 50% - 1:52
2 - 53% - 50% - 2:06
PK3 Forward
1 - 0% - 50%
2 - 0% - 50%
PK3 Defense
1 - 0% - 50%
2 - 0% - 50%
44 Forward
1 - 0% - 50%
2 - 0% - 50%
44 Defense
1 - 0% - 50%
2 - 0% - 50%
Last Minute Offensive - 0:00
Last Minute Defensive - 0:00
Total
Forward - 60:00
Defense - 60:00
|
Play-by-Play
1st period
0:01 of 1st period - Jean-Luc Foudy wins face-off versus Andy Andreoff in neutral zone.
0:03 of 1st period - Off-side.
0:04 of 1st period - Andy Andreoff wins face-off versus Jean-Luc Foudy in neutral zone.
0:17 of 1st period - Snap shot by Stefan Noesen.
0:17 of 1st period - Deflect By Logan O'Connor.
0:17 of 1st period - Shot Blocked by Nicolas Hague.
0:17 of 1st period - Puck is out of play.
0:18 of 1st period - Mattias Janmark wins face-off versus Aleksi Heponiemi in Atlantic City Gamblers zone.
0:27 of 1st period - Slapshot by Kent Johnson.
0:27 of 1st period - Shot Blocked by Jakub Lauko.
0:55 of 1st period - Snap shot by Hendrix Lapierre.
0:55 of 1st period - Stopped by Alex Stalock without a rebound.
0:56 of 1st period - Linus Karlsson wins face-off versus Andrew Poturalski in Tappara Tampere zone.
1:12 of 1st period - Snap shot by Phillip Di Giuseppe.
1:12 of 1st period - Shot Blocked by Nicolas Hague.
1:39 of 1st period - Icing by Jiri Kulich.
1:40 of 1st period - Andy Andreoff wins face-off versus Aleksi Heponiemi in Tappara Tampere zone.
1:47 of 1st period - Boris Katchouk is hit by Jan Rutta.
1:51 of 1st period - Wrist shot by Stefan Noesen.
1:51 of 1st period - Stopped by Brian Elliott with a rebound.
1:53 of 1st period - Wrist shot by Jan Rutta.
1:53 of 1st period - Shot Hit the Post.
1:55 of 1st period - Slapshot by Alex Goligoski.
1:55 of 1st period - Deflect By Andy Andreoff.
1:55 of 1st period - Stopped by Brian Elliott with a rebound.
2:34 of 1st period - Icing by Egor Sokolov.
2:35 of 1st period - Andy Andreoff wins face-off versus Linus Karlsson in Atlantic City Gamblers zone.
2:42 of 1st period - Wrist shot by Stefan Noesen.
2:42 of 1st period - Shot Misses the Net.
3:20 of 1st period - Snap shot by Yegor Chinakhov.
3:20 of 1st period - Stopped by Alex Stalock without a rebound.
3:21 of 1st period - Andrew Poturalski wins face-off versus Aleksi Heponiemi in Tappara Tampere zone.
3:26 of 1st period - Wrist shot by Phillip Di Giuseppe.
3:26 of 1st period - Stopped by Brian Elliott without a rebound.
3:27 of 1st period - Andy Andreoff wins face-off versus Aleksi Heponiemi in Atlantic City Gamblers zone.
3:40 of 1st period - Wrist shot by Jakub Lauko.
3:40 of 1st period - Shot Misses the Net.
4:00 of 1st period - Snap shot by Boris Katchouk.
4:00 of 1st period - Deflect By Jaycob Megna.
4:00 of 1st period - Stopped by Alex Stalock with a rebound.
4:08 of 1st period - Wrist shot by Aleksi Heponiemi.
4:08 of 1st period - Stopped by Alex Stalock without a rebound.
4:09 of 1st period - Kent Johnson wins face-off versus Alex Beaucage in Tappara Tampere zone.
4:09 of 1st period - Kent Johnson is hit by Cal Foote.
4:12 of 1st period - Minor Penalty to Kiefer Sherwood for Holding Stick.
4:13 of 1st period - Jean-Luc Foudy wins face-off versus Mattias Janmark in Tappara Tampere zone.
4:30 of 1st period - Off-side.
4:31 of 1st period - Stefan Noesen wins face-off versus Aleksi Heponiemi in neutral zone.
4:34 of 1st period - Wrist shot by Logan O'Connor.
4:34 of 1st period - Shot Misses the Net.
4:41 of 1st period - Off-side.
4:42 of 1st period - Aleksi Heponiemi wins face-off versus Mattias Janmark in neutral zone.
4:53 of 1st period - Jaycob Megna is hit by Thomas Harley and loses puck.
6:03 of 1st period - Mattias Janmark is hit by Nils Hoglander and loses puck.
6:12 of 1st period - Penalty to Kiefer Sherwood is over, Kiefer Sherwood is back on ice.
6:24 of 1st period - Wrist shot by Phillip Di Giuseppe.
6:24 of 1st period - Stopped by Brian Elliott without a rebound.
6:25 of 1st period - Andrew Poturalski wins face-off versus Linus Karlsson in Atlantic City Gamblers zone.
6:58 of 1st period - Snap shot by Alexander Holtz.
6:58 of 1st period - Shot Misses the Net.
7:18 of 1st period - Slapshot by Jean-Luc Foudy.
7:18 of 1st period - Shot Blocked by Jan Rutta.
7:20 of 1st period - Wrist shot by Jean-Luc Foudy.
7:20 of 1st period - Stopped by Alex Stalock without a rebound.
7:21 of 1st period - Kent Johnson wins face-off versus Jean-Luc Foudy in Tappara Tampere zone.
7:21 of 1st period - Kent Johnson is hit by Cal Foote.
7:35 of 1st period - Slapshot by Mattias Janmark.
7:35 of 1st period - Shot Blocked by Cal Foote.
8:15 of 1st period - Snap shot by Yegor Chinakhov.
8:15 of 1st period - Stopped by Alex Stalock with a rebound.
8:17 of 1st period - Snap shot by Yegor Chinakhov.
8:17 of 1st period - Shot Blocked by Jaycob Megna.
8:32 of 1st period - William Eklund is hit by Egor Sokolov.
8:48 of 1st period - Slapshot by Kiefer Sherwood.
8:48 of 1st period - Stopped by Brian Elliott with a rebound.
9:36 of 1st period - Fredrik Karlstrom is hit by Simon Edvinsson and loses puck.
9:48 of 1st period - Off-side.
9:49 of 1st period - Linus Karlsson wins face-off versus Kent Johnson in neutral zone.
9:54 of 1st period - Egor Sokolov is hit by Cam York and loses puck.
10:15 of 1st period - Nicolas Hague is hit by Stefan Noesen and loses puck.
10:24 of 1st period - Snap shot by Andy Andreoff.
10:24 of 1st period - Stopped by Brian Elliott without a rebound.
10:25 of 1st period - Jean-Luc Foudy wins face-off versus Andrew Poturalski in Atlantic City Gamblers zone.
11:14 of 1st period - Off-side.
11:15 of 1st period - Hendrix Lapierre wins face-off versus Stefan Noesen in neutral zone.
11:18 of 1st period - Wrist shot by Yegor Chinakhov.
11:18 of 1st period - Stopped by Alex Stalock with a rebound.
11:20 of 1st period - Snap shot by Yegor Chinakhov.
11:20 of 1st period - Goal by Yegor Chinakhov - Tappara Tampere : 0 - Atlantic City Gamblers : 1.
11:21 of 1st period - Jean-Luc Foudy wins face-off versus Logan O'Connor in neutral zone.
11:24 of 1st period - Snap shot by Yegor Chinakhov.
11:24 of 1st period - Deflect By Nils Hoglander.
11:24 of 1st period - Shot Blocked by Andy Andreoff.
11:24 of 1st period - Puck is out of play.
11:25 of 1st period - Andy Andreoff wins face-off versus Jean-Luc Foudy in Tappara Tampere zone.
11:25 of 1st period - Andy Andreoff is hit by Jean-Luc Foudy.
12:04 of 1st period - Backhand shot by Jakub Lauko.
12:04 of 1st period - Stopped by Alex Stalock with a rebound.
13:19 of 1st period - Jan Rutta is hit by Linus Karlsson and loses puck.
13:34 of 1st period - Snap shot by Andy Andreoff.
13:34 of 1st period - Stopped by Brian Elliott with a rebound.
13:40 of 1st period - Snap shot by Stefan Noesen.
13:40 of 1st period - Deflect By Andy Andreoff.
13:40 of 1st period - Shot Blocked by Aleksi Heponiemi.
13:40 of 1st period - Puck is out of play.
13:41 of 1st period - Jean-Luc Foudy wins face-off versus Kent Johnson in Atlantic City Gamblers zone.
14:06 of 1st period - Thomas Harley is hit by Phillip Di Giuseppe and loses puck.
14:40 of 1st period - Backhand shot by Jakub Lauko.
14:40 of 1st period - Stopped by Alex Stalock with a rebound.
14:42 of 1st period - Wrist shot by Boris Katchouk.
14:42 of 1st period - Shot Blocked by Jaycob Megna.
14:58 of 1st period - Snap shot by Alexander Holtz.
14:58 of 1st period - Stopped by Alex Stalock without a rebound.
14:59 of 1st period - Linus Karlsson wins face-off versus Kent Johnson in Tappara Tampere zone.
15:12 of 1st period - Wrist shot by Egor Sokolov.
15:12 of 1st period - Deflect By Alexander Holtz.
15:12 of 1st period - Stopped by Alex Stalock with a rebound.
15:24 of 1st period - Logan O'Connor is hit by Nicolas Hague and loses puck.
15:32 of 1st period - Off-side.
15:33 of 1st period - Hendrix Lapierre wins face-off versus Andrew Poturalski in neutral zone.
15:40 of 1st period - Snap shot by Hendrix Lapierre.
15:40 of 1st period - Shot Misses the Net.
15:42 of 1st period - Backhand shot by Yegor Chinakhov.
15:42 of 1st period - Stopped by Alex Stalock with a rebound.
15:44 of 1st period - Snap shot by Hendrix Lapierre.
15:44 of 1st period - Shot Misses the Net.
15:46 of 1st period - Slapshot by Ronnie Attard.
15:46 of 1st period - Stopped by Alex Stalock without a rebound.
15:47 of 1st period - Nils Hoglander wins face-off versus Andy Andreoff in Tappara Tampere zone.
15:56 of 1st period - Snap shot by Nils Hoglander.
15:56 of 1st period - Deflect By Jean-Luc Foudy.
15:56 of 1st period - Shot Misses the Net.
15:56 of 1st period - Puck is out of play.
15:57 of 1st period - Andy Andreoff wins face-off versus Jean-Luc Foudy in Tappara Tampere zone.
16:08 of 1st period - Snap shot by Yegor Chinakhov.
16:08 of 1st period - Shot Misses the Net.
16:16 of 1st period - Wrist shot by Nils Hoglander.
16:16 of 1st period - Goal by Nils Hoglander - Tappara Tampere : 0 - Atlantic City Gamblers : 2.
16:17 of 1st period - Hendrix Lapierre wins face-off versus Kent Johnson in neutral zone.
16:42 of 1st period - Alex Goligoski is hit by Nicolas Hague and loses puck.
17:57 of 1st period - Wrist shot by Kiefer Sherwood.
17:57 of 1st period - Shot Misses the Net.
18:13 of 1st period - Snap shot by Andrew Poturalski.
18:13 of 1st period - Goal by Andrew Poturalski - Tappara Tampere : 1 - Atlantic City Gamblers : 2.
18:14 of 1st period - Kent Johnson wins face-off versus Jean-Luc Foudy in neutral zone.
18:23 of 1st period - Snap shot by Mattias Janmark.
18:23 of 1st period - Shot Misses the Net.
19:13 of 1st period - Snap shot by Yegor Chinakhov.
19:13 of 1st period - Shot Misses the Net.
Goals for this period are 1 for Tappara Tampere vs 2 for Atlantic City Gamblers.
Shots for this period are 8 for Tappara Tampere vs 15 for Atlantic City Gamblers.
2nd period
0:01 of 2nd period - Stefan Noesen wins face-off versus Nils Hoglander in neutral zone.
0:08 of 2nd period - Yegor Chinakhov is hit by Jan Rutta and loses puck.
0:35 of 2nd period - Wrist shot by Nils Hoglander.
0:35 of 2nd period - Deflect By Jean-Luc Foudy.
0:35 of 2nd period - Stopped by Alex Stalock without a rebound.
0:36 of 2nd period - Aleksi Heponiemi wins face-off versus Kent Johnson in Tappara Tampere zone.
1:01 of 2nd period - Logan O'Connor is hit by Ronnie Attard and loses puck.
1:10 of 2nd period - Snap shot by Alexander Holtz.
1:10 of 2nd period - Shot Misses the Net.
1:51 of 2nd period - Urho Vaakanainen is hit by Jakub Lauko and loses puck.
4:24 of 2nd period - Nicolas Hague is hit by Stefan Noesen and loses puck.
4:53 of 2nd period - Slapshot by Kent Johnson.
4:53 of 2nd period - Stopped by Brian Elliott without a rebound.
4:54 of 2nd period - Linus Karlsson wins face-off versus Kent Johnson in Atlantic City Gamblers zone.
5:21 of 2nd period - Boris Katchouk is hit by Jaycob Megna and loses puck.
5:28 of 2nd period - Jakub Lauko is hit by Stefan Noesen.
5:38 of 2nd period - Ronnie Attard is hit by Alex Goligoski and loses puck.
6:37 of 2nd period - William Eklund is hit by Aleksi Heponiemi and loses puck.
6:48 of 2nd period - Nicolas Hague is hit by Jan Rutta.
7:00 of 2nd period - Slapshot by Nicolas Hague.
7:00 of 2nd period - Shot Blocked by Alex Goligoski.
7:02 of 2nd period - Wrist shot by Jakub Lauko.
7:02 of 2nd period - Shot Misses the Net.
7:04 of 2nd period - Snap shot by Aleksi Heponiemi.
7:04 of 2nd period - Stopped by Alex Stalock with a rebound.
7:06 of 2nd period - Wrist shot by Jakub Lauko.
7:06 of 2nd period - Stopped by Alex Stalock without a rebound.
7:07 of 2nd period - Kent Johnson wins face-off versus Jean-Luc Foudy in Tappara Tampere zone.
7:07 of 2nd period - Kent Johnson is hit by Jean-Luc Foudy.
7:21 of 2nd period - Wrist shot by Kent Johnson.
7:21 of 2nd period - Stopped by Brian Elliott with a rebound.
7:23 of 2nd period - Wrist shot by Kiefer Sherwood.
7:23 of 2nd period - Shot Misses the Net.
7:29 of 2nd period - Minor Penalty to Ronnie Attard for Slashing.
7:30 of 2nd period - Yegor Chinakhov wins face-off versus Andy Andreoff in Atlantic City Gamblers zone.
8:07 of 2nd period - Egor Sokolov is hit by Kent Johnson and loses puck.
9:29 of 2nd period - Penalty to Ronnie Attard is over, Ronnie Attard is back on ice.
9:33 of 2nd period - Wrist shot by Andrew Poturalski.
9:33 of 2nd period - Stopped by Brian Elliott without a rebound.
9:34 of 2nd period - Phillip Di Giuseppe wins face-off versus Linus Karlsson in Atlantic City Gamblers zone.
10:30 of 2nd period - Icing by Jean-Luc Foudy.
10:31 of 2nd period - Mattias Janmark wins face-off versus Yegor Chinakhov in Atlantic City Gamblers zone.
10:32 of 2nd period - Wrist shot by Kent Johnson.
10:32 of 2nd period - Stopped by Brian Elliott without a rebound.
10:33 of 2nd period - Jean-Luc Foudy wins face-off versus Kent Johnson in Atlantic City Gamblers zone.
11:04 of 2nd period - Off-side.
11:05 of 2nd period - Kent Johnson wins face-off versus Aleksi Heponiemi in neutral zone.
11:14 of 2nd period - Wrist shot by Kent Johnson.
11:14 of 2nd period - Shot Misses the Net.
11:16 of 2nd period - Snap shot by Mattias Janmark.
11:16 of 2nd period - Shot Blocked by Filip Roos.
11:18 of 2nd period - Wrist shot by Kiefer Sherwood.
11:18 of 2nd period - Stopped by Brian Elliott with a rebound.
11:20 of 2nd period - Wrist shot by Kiefer Sherwood.
11:20 of 2nd period - Shot Misses the Net.
12:15 of 2nd period - Off-side.
12:16 of 2nd period - Andrew Poturalski wins face-off versus Hendrix Lapierre in neutral zone.
12:21 of 2nd period - Wrist shot by Andrew Poturalski.
12:21 of 2nd period - Goal by Andrew Poturalski - Tappara Tampere : 2 - Atlantic City Gamblers : 2.
12:22 of 2nd period - Jean-Luc Foudy wins face-off versus Kent Johnson in neutral zone.
13:18 of 2nd period - Wrist shot by William Eklund.
13:18 of 2nd period - Shot Misses the Net.
13:28 of 2nd period - Cam York is hit by Nicolas Hague.
13:32 of 2nd period - Snap shot by Hendrix Lapierre.
13:32 of 2nd period - Stopped by Alex Stalock with a rebound.
14:14 of 2nd period - Snap shot by Stefan Noesen.
14:14 of 2nd period - Shot Blocked by Simon Edvinsson.
14:18 of 2nd period - Slapshot by Andy Andreoff.
14:18 of 2nd period - Shot Misses the Net.
14:20 of 2nd period - Snap shot by Andy Andreoff.
14:20 of 2nd period - Shot Misses the Net.
15:11 of 2nd period - Wrist shot by Phillip Di Giuseppe.
15:11 of 2nd period - Shot Misses the Net.
15:54 of 2nd period - Snap shot by Alexander Holtz.
15:54 of 2nd period - Stopped by Alex Stalock with a rebound.
16:25 of 2nd period - Urho Vaakanainen is hit by Boris Katchouk and loses puck.
17:00 of 2nd period - Stefan Noesen is hit by Cal Foote and loses puck.
17:16 of 2nd period - Jaycob Megna is hit by Boris Katchouk and loses puck.
17:35 of 2nd period - Andrew Poturalski is hit by Simon Edvinsson and loses puck.
18:52 of 2nd period - Daniil Chayka is hit by Phillip Di Giuseppe and loses puck.
19:17 of 2nd period - Minor Penalty to Stefan Noesen for High sticking.
19:18 of 2nd period - Aleksi Heponiemi wins face-off versus Mattias Janmark in Tappara Tampere zone.
19:49 of 2nd period - Slapshot by Filip Roos.
19:49 of 2nd period - Deflect By Jean-Luc Foudy.
19:49 of 2nd period - Shot Blocked by Jaycob Megna.
19:49 of 2nd period - Puck is out of play.
19:50 of 2nd period - Aleksi Heponiemi wins face-off versus Mattias Janmark in Tappara Tampere zone.
19:51 of 2nd period - Snap shot by Boris Katchouk.
19:51 of 2nd period - Deflect By Andy Andreoff.
19:51 of 2nd period - Shot Blocked by Jan Rutta.
19:51 of 2nd period - Puck is out of play.
19:52 of 2nd period - Andrew Poturalski wins face-off versus Aleksi Heponiemi in Tappara Tampere zone.
Goals for this period are 1 for Tappara Tampere vs 0 for Atlantic City Gamblers.
Shots for this period are 6 for Tappara Tampere vs 5 for Atlantic City Gamblers.
3rd period
0:01 of 3rd period - Logan O'Connor wins face-off versus Yegor Chinakhov in neutral zone.
0:06 of 3rd period - Slapshot by Jan Rutta.
0:06 of 3rd period - Deflect By Logan O'Connor.
0:06 of 3rd period - Shot Blocked by Nils Hoglander.
0:06 of 3rd period - Puck is out of play.
0:07 of 3rd period - Jean-Luc Foudy wins face-off versus Andrew Poturalski in Atlantic City Gamblers zone.
0:26 of 3rd period - Andy Andreoff is hit by Nils Hoglander and loses puck.
0:35 of 3rd period - Snap shot by Nils Hoglander.
0:35 of 3rd period - Deflect By Yegor Chinakhov.
0:35 of 3rd period - Shot Misses the Net.
0:35 of 3rd period - Puck is out of play.
0:36 of 3rd period - Andrew Poturalski wins face-off versus Aleksi Heponiemi in Tappara Tampere zone.
0:47 of 3rd period - Snap shot by Thomas Harley.
0:47 of 3rd period - Deflect By Aleksi Heponiemi.
0:47 of 3rd period - Stopped by Alex Stalock without a rebound.
0:48 of 3rd period - Aleksi Heponiemi wins face-off versus Andrew Poturalski in Tappara Tampere zone.
1:09 of 3rd period - Nicolas Hague is hit by Logan O'Connor and loses puck.
1:17 of 3rd period - Penalty to Stefan Noesen is over, Stefan Noesen is back on ice.
1:24 of 3rd period - Slapshot by Cal Foote.
1:24 of 3rd period - Shot Blocked by Jan Rutta.
1:26 of 3rd period - Wrist shot by Aleksi Heponiemi.
1:26 of 3rd period - Stopped by Alex Stalock without a rebound.
1:27 of 3rd period - Jean-Luc Foudy wins face-off versus Kent Johnson in Tappara Tampere zone.
2:04 of 3rd period - Slapshot by Stefan Noesen.
2:04 of 3rd period - Deflect By Logan O'Connor.
2:04 of 3rd period - Stopped by Brian Elliott with a rebound.
2:24 of 3rd period - Wrist shot by Phillip Di Giuseppe.
2:24 of 3rd period - Shot Misses the Net.
2:58 of 3rd period - Wrist shot by Kent Johnson.
2:58 of 3rd period - Stopped by Brian Elliott with a rebound.
3:00 of 3rd period - Snap shot by Alex Goligoski.
3:00 of 3rd period - Stopped by Brian Elliott with a rebound.
3:12 of 3rd period - Snap shot by Alexander Holtz.
3:12 of 3rd period - Stopped by Alex Stalock without a rebound.
3:13 of 3rd period - Andy Andreoff wins face-off versus Linus Karlsson in Tappara Tampere zone.
4:29 of 3rd period - Wrist shot by Stefan Noesen.
4:29 of 3rd period - Shot Misses the Net.
5:12 of 3rd period - Icing by Nils Hoglander.
5:13 of 3rd period - Mattias Janmark wins face-off versus Jean-Luc Foudy in Atlantic City Gamblers zone.
5:44 of 3rd period - Wrist shot by Boris Katchouk.
5:44 of 3rd period - Shot Blocked by Logan O'Connor.
6:21 of 3rd period - Snap shot by Kiefer Sherwood.
6:21 of 3rd period - Stopped by Brian Elliott without a rebound.
6:22 of 3rd period - Linus Karlsson wins face-off versus Kent Johnson in Atlantic City Gamblers zone.
6:27 of 3rd period - Kiefer Sherwood is hit by Linus Karlsson and loses puck.
6:46 of 3rd period - Nicolas Hague is hit by Logan O'Connor and loses puck.
7:13 of 3rd period - Snap shot by Boris Katchouk.
7:13 of 3rd period - Shot Misses the Net.
7:59 of 3rd period - Wrist shot by William Eklund.
7:59 of 3rd period - Goal by William Eklund - Tappara Tampere : 3 - Atlantic City Gamblers : 2.
8:00 of 3rd period - Kent Johnson wins face-off versus Jean-Luc Foudy in neutral zone.
8:11 of 3rd period - Snap shot by Kent Johnson.
8:11 of 3rd period - Stopped by Brian Elliott with a rebound.
8:13 of 3rd period - Wrist shot by Kiefer Sherwood.
8:13 of 3rd period - Goal by Kiefer Sherwood - Tappara Tampere : 4 - Atlantic City Gamblers : 2.
8:14 of 3rd period - Nils Hoglander wins face-off versus Logan O'Connor in neutral zone.
8:28 of 3rd period - Wrist shot by Yegor Chinakhov.
8:28 of 3rd period - Shot Misses the Net.
8:30 of 3rd period - Wrist shot by Yegor Chinakhov.
8:30 of 3rd period - Shot Misses the Net.
8:40 of 3rd period - Nicolas Hague is hit by Kiefer Sherwood and loses puck.
8:55 of 3rd period - Minor Penalty to Kiefer Sherwood for Hooking.
8:56 of 3rd period - Mattias Janmark wins face-off versus Jean-Luc Foudy in Tappara Tampere zone.
9:09 of 3rd period - Backhand shot by Yegor Chinakhov.
9:09 of 3rd period - Shot Blocked by Jaycob Megna.
9:11 of 3rd period - Slapshot by Jean-Luc Foudy.
9:11 of 3rd period - Shot Misses the Net.
10:45 of 3rd period - Chad Ruhwedel is hit by Jakub Lauko and loses puck.
10:55 of 3rd period - Penalty to Kiefer Sherwood is over, Kiefer Sherwood is back on ice.
11:06 of 3rd period - Wrist shot by Kiefer Sherwood.
11:06 of 3rd period - Shot Blocked by Linus Karlsson.
11:26 of 3rd period - Snap shot by William Eklund.
11:26 of 3rd period - Shot Blocked by Alex Beaucage.
11:28 of 3rd period - Slapshot by William Eklund.
11:28 of 3rd period - Shot Misses the Net.
11:30 of 3rd period - Slapshot by Jiri Kulich.
11:30 of 3rd period - Stopped by Brian Elliott with a rebound.
11:32 of 3rd period - Backhand shot by Fredrik Karlstrom.
11:32 of 3rd period - Stopped by Brian Elliott with a rebound.
11:34 of 3rd period - Snap shot by Jiri Kulich.
11:34 of 3rd period - Goal by Jiri Kulich - Tappara Tampere : 5 - Atlantic City Gamblers : 2.
11:35 of 3rd period - Jean-Luc Foudy wins face-off versus Kent Johnson in neutral zone.
11:38 of 3rd period - Snap shot by Nils Hoglander.
11:38 of 3rd period - Stopped by Alex Stalock without a rebound.
11:39 of 3rd period - Kent Johnson wins face-off versus Jean-Luc Foudy in Tappara Tampere zone.
11:39 of 3rd period - Kent Johnson is hit by Nicolas Hague.
12:01 of 3rd period - Icing by Nicolas Hague.
12:02 of 3rd period - Aleksi Heponiemi wins face-off versus Andrew Poturalski in Atlantic City Gamblers zone.
12:15 of 3rd period - Slapshot by Nicolas Hague.
12:15 of 3rd period - Deflect By Boris Katchouk.
12:15 of 3rd period - Stopped by Alex Stalock with a rebound.
12:17 of 3rd period - Snap shot by Cal Foote.
12:17 of 3rd period - Stopped by Alex Stalock with a rebound.
12:47 of 3rd period - Wrist shot by Logan O'Connor.
12:47 of 3rd period - Stopped by Brian Elliott with a rebound.
12:49 of 3rd period - Snap shot by Kent Johnson.
12:49 of 3rd period - Deflect By Kiefer Sherwood.
12:49 of 3rd period - Shot Blocked by Filip Roos.
12:49 of 3rd period - Puck is out of play.
12:50 of 3rd period - Kent Johnson wins face-off versus Linus Karlsson in Atlantic City Gamblers zone.
12:59 of 3rd period - Backhand shot by Linus Karlsson.
12:59 of 3rd period - Stopped by Alex Stalock without a rebound.
13:00 of 3rd period - Andrew Poturalski wins face-off versus Jean-Luc Foudy in Tappara Tampere zone.
13:00 of 3rd period - Phillip Di Giuseppe is hit by Yegor Chinakhov and loses puck.
13:07 of 3rd period - Slapshot by Nils Hoglander.
13:07 of 3rd period - Deflect By Yegor Chinakhov.
13:07 of 3rd period - Shot Misses the Net.
13:07 of 3rd period - Puck is out of play.
13:08 of 3rd period - Andrew Poturalski wins face-off versus Jean-Luc Foudy in Tappara Tampere zone.
13:17 of 3rd period - Snap shot by Nils Hoglander.
13:17 of 3rd period - Shot Misses the Net.
13:19 of 3rd period - Wrist shot by Nils Hoglander.
13:19 of 3rd period - Deflect By Jean-Luc Foudy.
13:19 of 3rd period - Stopped by Alex Stalock with a rebound.
13:21 of 3rd period - Slapshot by Daniil Chayka.
13:21 of 3rd period - Shot Misses the Net.
13:23 of 3rd period - Snap shot by Jean-Luc Foudy.
13:23 of 3rd period - Stopped by Alex Stalock with a rebound.
13:42 of 3rd period - Jakub Lauko is hit by Jan Rutta and loses puck.
14:39 of 3rd period - Snap shot by Andrew Poturalski.
14:39 of 3rd period - Shot Blocked by Simon Edvinsson.
14:51 of 3rd period - Slapshot by Jan Rutta.
14:51 of 3rd period - Stopped by Brian Elliott without a rebound.
14:52 of 3rd period - Aleksi Heponiemi wins face-off versus Kent Johnson in Atlantic City Gamblers zone.
14:52 of 3rd period - Cal Foote is hit by Chad Ruhwedel and loses puck.
14:57 of 3rd period - Snap shot by Kent Johnson.
14:57 of 3rd period - Stopped by Brian Elliott without a rebound.
14:58 of 3rd period - Kent Johnson wins face-off versus Jakub Lauko in Atlantic City Gamblers zone.
14:59 of 3rd period - Slapshot by Kiefer Sherwood.
14:59 of 3rd period - Shot Misses the Net.
15:19 of 3rd period - Off-side.
15:20 of 3rd period - Jean-Luc Foudy wins face-off versus Andy Andreoff in neutral zone.
16:43 of 3rd period - Minor Penalty to Hendrix Lapierre for Holding.
16:44 of 3rd period - Boris Katchouk wins face-off versus Kent Johnson in Atlantic City Gamblers zone.
17:09 of 3rd period - Mattias Janmark is hit by Egor Sokolov and loses puck.
17:16 of 3rd period - Snap shot by Mattias Janmark.
17:16 of 3rd period - Shot Misses the Net.
17:18 of 3rd period - Snap shot by Mattias Janmark.
17:18 of 3rd period - Shot Misses the Net.
17:20 of 3rd period - Slapshot by Jaycob Megna.
17:20 of 3rd period - Deflect By Egor Sokolov.
17:20 of 3rd period - Stopped by Brian Elliott with a rebound.
17:22 of 3rd period - Snap shot by Kiefer Sherwood.
17:22 of 3rd period - Stopped by Brian Elliott with a rebound.
18:43 of 3rd period - Penalty to Hendrix Lapierre is over, Hendrix Lapierre is back on ice.
18:53 of 3rd period - Snap shot by Kiefer Sherwood.
18:53 of 3rd period - Shot Blocked by Filip Roos.
18:55 of 3rd period - Slapshot by Jaycob Megna.
18:55 of 3rd period - Stopped by Brian Elliott without a rebound.
18:56 of 3rd period - Andy Andreoff wins face-off versus Hendrix Lapierre in Atlantic City Gamblers zone.
19:03 of 3rd period - Slapshot by Stefan Noesen.
19:03 of 3rd period - Stopped by Brian Elliott without a rebound.
19:04 of 3rd period - Andy Andreoff wins face-off versus Hendrix Lapierre in Atlantic City Gamblers zone.
19:23 of 3rd period - Minor Penalty to Andy Andreoff for Holding.
19:24 of 3rd period - Stefan Noesen wins face-off versus Jean-Luc Foudy in Tappara Tampere zone.
19:42 of 3rd period - Icing by Nils Hoglander.
19:43 of 3rd period - Jean-Luc Foudy wins face-off versus Stefan Noesen in Atlantic City Gamblers zone.
19:48 of 3rd period - Jaycob Megna is hit by Nils Hoglander and loses puck.
19:53 of 3rd period - Wrist shot by Yegor Chinakhov.
19:53 of 3rd period - Stopped by Alex Stalock without a rebound.
19:54 of 3rd period - Aleksi Heponiemi wins face-off versus Stefan Noesen in Tappara Tampere zone.
Goals for this period are 3 for Tappara Tampere vs 0 for Atlantic City Gamblers.
Shots for this period are 17 for Tappara Tampere vs 10 for Atlantic City Gamblers.
Back to the Top